 Dungeon Crawl Stone Soup version 0.30-a0-847-g17996783a1 (webtiles) character file.

Game seed: 9947978094499563521

218313 demibob the Slayer (level 19, 0/137 HPs)
             Began as a Gargoyle Fighter on Mar 4, 2023.
             Was the Champion of the Shining One.
             Slain by a yaktaur captain (14 damage)
             ... on level 2 of the Vaults.
             The game lasted 00:56:19 (30005 turns).

demibob the Slayer (Gargoyle Fighter)              Turns: 30005, Time: 00:56:20

Health: 0/137      AC: 42    Str: 27    XL:     19   Next: 11%
Magic:  24/24      EV: 11    Int:  8    God:    the Shining One [******]
Gold:   3417       SH: 13    Dex: 11    Spells: 18/18 levels left

rFire   + + .      SeeInvis .    a - +0 morningstar (spect)
rCold   . . .      Faith    .    d - +0 kite shield
rNeg    + + +      Spirit   .    P - +4 fire dragon scales
rPois   ∞          Reflect  .    q - +2 hat {Will+}
rElec   +          Rampage  .    i - +1 cloak of the Orcish Mines {rCorr}
rCorr   +                        I - +0 pair of gloves {hurl}
Will    ++...                    L - +1 pair of boots Stlth
                                 G - amulet of regeneration
HPRegen 1.22/turn                R - ring of resist corrosion
MPRegen 0.19/turn                C - ring of protection from cold

@: flying, glowing
A: sickness immunity, AC +14, big wings, negative energy resistance 1,
electricity resistance, torment resistance 1, petrification resistance
}: 1/15 runes: gossamer
a: Renounce Religion, Divine Shield, Cleansing Flame, Summon Divine Warrior,
Brand Weapon With Holy Wrath


You were on level 2 of the Vaults.
You worshipped the Shining One.
The Shining One was exalted by your worship.
You visited 5 branches of the dungeon, and saw 27 of its levels.
You also visited: Sewer and Ossuary.

You collected 4760 gold pieces.
You spent 1343 gold pieces at shops.


Innate Abilities, Weirdness & Mutations

You are immune to sickness and miasma.
Your stone body is resilient. (AC +14)
You are immune to poison.
Your large and strong wings let you fly.
You resist negative energy. (rN+)
You are resistant to electric shocks. (rElec)
You are resistant to unholy torment.
You are immune to petrification.


   Skills:
 + Level 21.2 Fighting
 + Level 15.2 Maces & Flails
 - Level 18.9 Armour
 - Level 5.2 Dodging
 + Level 15.0 Shields
 - Level 7.4 Invocations


You had 18 spell levels left.
You didn't know any spells.
Your spell library contained the following spells:

 Spells                   Type           Power      Damage    Failure   Level
 Summon Small Mammal      Summ           0%         N/A       80%         1
 Blink                    Tloc           0%         N/A       91%         2
 Ensorcelled Hibernation  Hex/Ice        0%         N/A       91%         2
 Lesser Beckoning         Tloc           0%         N/A       91%         2
 Passwall                 Tmut/Erth      0%         N/A       91%         2
 Call Canine Familiar     Summ           0%         N/A       99%         3
 Dazzling Flash           Conj/Hex       0%         N/A       99%         3
 Gell's Gravitas          Tloc           0%         N/A       99%         3
 Stone Arrow              Conj/Erth      0%         3d7       99%         3
 Summon Guardian Golem    Hex/Summ       0%         N/A       99%         3
 Swiftness                Air            0%         N/A       99%         3
 Teleport Other           Tloc           0%         N/A       99%         3
 Airstrike                Air            0%         2d(0-16)  100%        4
 Animate Armour           Summ/Erth      0%         N/A       100%        4
 Fulminant Prism          Conj/Hex       0%         3d5       100%        4
 Iskenderun's Mystic Bla  Conj/Tloc      0%         2d3       100%        4
 Manifold Assault         Tloc           0%         N/A       100%        4
 Summon Lightning Spire   Summ/Air       0%         N/A       100%        4
 Agony                    Necr           0%         N/A       100%        5
 Iskenderun's Battlesphe  Conj           0%         2d6       100%        5
 Lightning Bolt           Conj/Air       0%         1d11      100%        5
 Silence                  Hex/Air        0%         N/A       100%        5
 Conjure Ball Lightning   Conj/Air       0%         3x3d6     100%        6
 Dispersal                Tloc           0%         N/A       100%        6
 Iron Shot                Conj/Erth      0%         9d1       100%        6
 Starburst                Conj/Fire      0%         6d3       100%        6
 Spellforged Servitor     Conj/Summ      0%         N/A       100%        7
 Storm Form               Tmut/Air       0%         N/A       100%        7
 Disjunction              Tloc           0%         N/A       100%        8
 Lehudib's Crystal Spear  Conj/Erth      0%         10d2      100%        8

Inventory:

Hand Weapons
 a - a +0 spectral morningstar (weapon)
Missiles
 s - 4 throwing nets {=f}
Armour
 d - a +0 kite shield (worn)
 i - the +1 cloak of the Orcish Mines (worn) {rCorr}
   (You bought it in a shop on level 2 of the Orcish Mines)

   rCorr:     It protects you from acid and corrosion.
 q - a +2 hat of willpower (worn)
 I - a +0 pair of gloves of hurling (worn)
 L - a +1 pair of boots (worn)
 P - +4 fire dragon scales (worn)
Jewellery
 f - a ring of protection from fire
 B - a ring of protection from fire
 C - a ring of protection from cold (right hand)
 F - a ring of protection from fire
 G - an amulet of regeneration (around neck)
 M - a ring of magical power
 R - a ring of resist corrosion (left hand)
Wands
 b - a wand of paralysis (26)
 p - a wand of flame (77)
 x - a wand of polymorph (22)
 A - a wand of roots (5)
 Q - a wand of mindburst (10)
Scrolls
 e - 4 scrolls of teleportation {@r2}
 m - a scroll of magic mapping
 n - 3 scrolls of fog
 t - a scroll of silence {!r}
 w - 5 scrolls of enchant weapon
 y - a scroll of brand weapon
 z - 6 scrolls of identify {@r1}
 K - 2 scrolls of immolation
 O - a scroll of butterflies
Potions
 c - a potion of heal wounds {@q2}
 g - 5 potions of ambrosia
 h - 5 potions of might
 j - 2 potions of attraction
 k - 9 potions of brilliance
 l - 2 potions of resistance
 o - 2 potions of cancellation
 r - 13 potions of curing {@q1}
 u - 12 potions of mutation
 v - 8 potions of haste {@q3}
 N - 2 potions of magic
 S - 4 potions of berserk rage {!q}

Dungeon Overview and Level Annotations

Branches:
Dungeon (13/15)            Temple (0/1) D:7            Lair (5/5) D:10
 Shoals (0/4) Lair:3       Spider (4/4) Lair:2        Slime (0/5) Lair:5
    Orc (2/2) D:9             Elf (0/3) Orc:2        Vaults (3/5) D:13
  Sewer (visited)         Ossuary (visited)
  Crypt: Vaults:2-3

Altars:
Ashenzari
Fedhas
Gozag
Makhleb
Ru
Sif Muna
Xom
The Shining One

Shops:
D:8 (   D:10 !   D:13 !   Orc:2 !*!*   Vaults:1 !

Annotations:
D:9 1 runed translucent door, loam's ghost, novice DsIE
Lair:5 3 runed translucent doors, demibob's ghost, journeyman DsWn

...'......................÷......
...▒.............................
▒▒▒▒.............................
▒▒▒▒▒▒▒''▒▒▒▒▒▒▒▒▒'▒▒▒▒▒▒▒▒▒▒▒
▒............▒ ▒............▒
▒..▒▒▒..▒▒▒..▒▒▒▒▒▒▒▒▒▒
▒..▒▒▒.)▒▒▒..▒........▒
▒..▒▒.)@.▒▒..)........▒
▒.....{9c..))▒..>.....▒
▒............▒........▒
▒..▒▒....▒▒..▒........▒
▒..▒▒▒..▒▒▒..▒........▒
▒..▒▒▒..▒▒▒..▒▒▒▒▒▒▒▒▒▒
▒............▒ ▒............▒
▒▒▒▒▒▒▒▒▒▒▒▒▒▒


You could see a yaktaur captain, a war gargoyle (strong, catching breath) and a
friendly +0 spectral morningstar (summoned).


Message History

You block the yaktaur's attack. The war gargoyle barely misses you.
The vault guard shouts!
The vault guard blocks your attack.
The vault guard is almost dead.
Your +0 spectral morningstar barely misses the vault guard.
The war gargoyle hits you but does no damage.
You impale the vault guard!!
You kill the vault guard!
The yaktaur closely misses you.
The yaktaur captain hits you but does no damage.
The war gargoyle hits you with a +0 dire flail!
* * * LOW HITPOINT WARNING * * *
You bludgeon the yaktaur!!
The yaktaur is heavily wounded.
Your +0 spectral morningstar hits the yaktaur but does no damage.
You block the yaktaur's attack. The yaktaur captain misses you.
The war gargoyle hits you with a +0 dire flail!!
* * * LOW HITPOINT WARNING * * *
You sock the yaktaur!
The yaktaur is almost dead.
Your +0 spectral morningstar hits the yaktaur!
You kill the yaktaur!
The war gargoyle launches metal splinters at you.
The spray of metal splinters misses you.
The yaktaur captain hits you but does no damage.
You hit the war gargoyle.
The war gargoyle is lightly damaged.
Your +0 spectral morningstar hits the war gargoyle but does no damage.
The war gargoyle closely misses you. The yaktaur captain hits you!
You die...

Skill      XL: |  1  2  3  4  5  6  7  8  9 10 11 12 13 14 15 16 17 18 19 |
---------------+----------------------------------------------------------+-----
Shields        | 4 5 6 7 9 11 12 14 15 | 15.0
Maces & Flails | 3 4 5 6 9 12 14 15 | 15.2
Fighting       | 8 11 12 14 15 17 19 21 | 21.2
Armour         | 8 11 12 14 15 17 18 | 18.9
Invocations    | 7 |  7.4
Dodging        | 3 5 |  5.2

Action                     |  1- 3 |  4- 6 |  7- 9 | 10-12 | 13-15 | 16-18 | 19-21 || total
---------------------------+-------+-------+-------+-------+-------+-------+-------++-------
  Melee: Flail             |   105 |   199 |   260 |   579 |   871 |       |       ||  2014
         Morningstar       |       |       |       |       |    34 |  1356 |    67 ||  1457
  Evoke: Wand              |       |       |     3 |     2 |     9 |     3 |       ||    17
    Use: Scroll            |     1 |     3 |     9 |     8 |    10 |    20 |       ||    51
         Potion            |       |     3 |     6 |     7 |     7 |     7 |       ||    30
 Armour: Scale mail        |    72 |   104 |   157 |   210 |       |       |       ||   543
         Plate armour      |       |       |       |   272 |   987 |  1050 |       ||  2309
         Fire dragon scale |       |       |       |       |       |   138 |    38 ||   176
  Dodge: Dodged            |    32 |   114 |   122 |   257 |   408 |   523 |    19 ||  1475
  Block: Buckler           |    30 |    51 |    67 |   189 |   346 |   312 |       ||   995
         Kite shield       |       |       |       |       |       |   209 |    34 ||   243

Levels and vault maps discovered:
D:1:      minmay_arrival_open_corners, layout_loops_ring
D:2:      layout_basic, uniq_robin
D:3:      layout_basic, dreamdust_ecumenical_altar_drowned_temple,
          nicolae_kite_square_tiling_tiny, st_stairs_6, minmay_misc_feat_cross
D:4:      layout_loops_corners, mainiacjoe_overflow_big_doors,
          gup_sewer_entry_bubbles, uniq_eustachio
D:5:      layout_gridville
D:6:      minmay_chambers_of_fours, layout_loops_ring, uniq_duvessa
D:7:      layout_loops_ring, lemuel_crystal_altar, makhleb_grotto_becter,
          jmf_multi_god_temple, minmay_temple_entry_mist,
          chequers_ossuary_entry_cave, st_stairs_1, amcnicky_mini_pool_small,
          minmay_holes, hangedman_abyss_or_decor_jellyfish_corner
D:8:      layout_cave_pods, serial_shops, shop_coins, minivault_12
D:9:      layout_big_octagon, minmay_orc_entry_temple_small, serial_ice,
          serial_ice_l, serial_ice_a, serial_ice_h, serial_ice_f, serial_ice_c,
          serial_ice_o, serial_ice_n, ebering_ghost_reflecting_pool, uniq_harold
D:10:     layout_cave_pools, grunt_lair_entry_orc_guard_hut, serial_shops, shop,
          dk_noncrumbling_2
D:11:     layout_basic, serial_glass, glass_columns_b, glass_columns_a,
          glass_columns_a, glass_columns_b, glass_columns_b, glass_columns_c,
          glass_columns_c, glass_columns_a, minmay_strange_pillars
D:12:     layout_roguey, st_stairs_10, hangedman_decor_points
D:13:     layout_basic, lightli_vaults_fourway_checkpoint, serial_shops,
          nicolae_shop_stone, uniq_lodul
Lair:1:   layout_gridlike
Lair:2:   layout_misc_corridors, hellmonk_spider_entry_not_the_bees, basic_altar
Lair:3:   layout_roguey, elwin_shoals_entry_stream, bh_autumn_forest_stairs,
          grunt_megastairs_5, lemuel_fruit_fields
Lair:4:   layout_misc_corridors, basic_altar
Lair:5:   minmay_lair_end_frog_pond, layout_regular_city, slime_entry_2,
          ebering_ghost_disaster_area
Spider:1: layout_spider_delve, portal_ice_cave_entry_pillars_1
Spider:2: layout_spider_delve
Spider:3: layout_spider_delve
Spider:4: guppyfry_spider_rune, hellmonk_test_site
Orc:1:    layout_caves, uniq_maurice
Orc:2:    st_orc_elflike, layout_caves
Vaults:1: hangedman_vaults_trim, grunt_vaults_trifunnel,
          nicolae_vaults_little_squares_1, vaults_room_fours,
          nicolae_vaults_meeting, hangedman_vaults_stitches,
          nicolae_vaults_what_the_h, v_misc_3, ontoclasm_vaults_ring_square,
          layout_vaults_omnibox, serial_shops,
          nicolae_shop_competitors_out_of_business, uniq_donald
Vaults:2: hangedman_vaults_river_flow, nicolae_vaults_gold_heap, v_misc_4,
          v_misc_11, v_pattern_3, nicolae_vaults_specimen_jars,
          nicolae_vaults_little_ls, ontoclasm_vaults_twist,
          dpeg_vaults_monster_box, layout_vaults_big_room
Vaults:3: kb_rosetta, nicolae_vaults_ninety_degrees, vaults_mumra_hex,
          minmay_crypt_entry_simple_box, hangedman_vaults_nodes,
          vaults_dpeg_encased_lava, nicolae_vaults_ring_of_whatevers,
          layout_vaults_omnigrid, serial_shops, shop_coins,
          nicolae_shop_hallway_plus, nicolae_shop_crystal

Notes
Turn   | Place    | Note
-------+----------+-------------------------------------------
     0 | D:1      | demibob the Gargoyle Fighter began the quest for the Orb.
     0 | D:1      | Reached XP level 1. HP: 14/14 MP: 1/1
   149 | D:1      | Reached XP level 2. HP: 19/19 MP: 2/2
   639 | D:2      | Reached skill level 4 in Shields
   639 | D:2      | Reached XP level 3. HP: 20/23 MP: 3/3
   699 | D:2      | Reached skill level 3 in Maces & Flails
   798 | D:2      | Reached XP level 4. HP: 17/28 MP: 4/4
  1068 | D:2      | Noticed Robin
  1091 | D:2      | Killed Robin
  1481 | D:3      | Reached XP level 5. HP: 32/32 MP: 5/5
  1753 | D:3      | Found a faded altar of an unknown god.
  1770 | D:3      | Prayed at the altar of an unknown god.
  1770 | D:3      | Became a worshipper of the Shining One
  1770 | D:3      | Reached * piety under the Shining One
  1862 | D:3      | Reached skill level 5 in Shields
  1923 | D:3      | Reached skill level 4 in Maces & Flails
  2162 | D:3      | Identified a scroll of acquirement
  2162 | D:3      | Acquired 1032 gold pieces
  2231 | D:4      | Noticed a black bear
  2245 | D:4      | Killed a black bear
  2246 | D:4      | Reached XP level 6. HP: 22/37 MP: 6/6
  2488 | D:4      | Noticed Eustachio
  2500 | D:4      | Killed Eustachio
  2501 | D:4      | Reached skill level 5 in Maces & Flails
  2501 | D:4      | Reached skill level 6 in Shields
  2581 | D:4      | Found a glowing drain.
  2587 | Sewer    | Entered a sewer
  2659 | Sewer    | Reached XP level 7. HP: 41/41 MP: 7/7
  2972 | D:4      | Identified 2 potions of resistance
  3101 | D:4      | Reached skill level 7 in Shields
  3142 | D:4      | Found a blossoming altar of Fedhas.
  3232 | D:4      | Reached skill level 6 in Maces & Flails
  3297 | D:4      | Reached ** piety under the Shining One
  3484 | D:4      | Found a broken altar of Ashenzari.
  3760 | D:5      | Entered Level 5 of the Dungeon
  3961 | D:5      | Reached XP level 8. HP: 46/46 MP: 8/8
  4122 | D:5      | Reached skill level 7 in Maces & Flails
  4377 | D:6      | Reached skill level 8 in Maces & Flails
  4703 | D:6      | Noticed Dowan
  4709 | D:6      | Killed Dowan
  4714 | D:6      | Noticed Duvessa
  4720 | D:6      | Killed Duvessa
  4721 | D:6      | Reached skill level 9 in Maces & Flails
  4940 | D:6      | Reached XP level 9. HP: 50/51 MP: 9/9
  5001 | D:6      | Noticed a cyclops
  5011 | D:6      | Reached skill level 10 in Maces & Flails
  5046 | D:6      | Killed a cyclops
  5328 | D:6      | Reached skill level 11 in Maces & Flails
  5635 | D:7      | Found a staircase to the Ecumenical Temple.
  5654 | D:7      | Found a shimmering altar of Xom.
  5777 | D:7      | Found a burning altar of Makhleb.
  5851 | D:7      | Reached *** piety under the Shining One
  5927 | D:7      | Found a shimmering blue altar of Sif Muna.
  5928 | D:7      | Found a sacrificial altar of Ru.
  5953 | D:7      | Reached skill level 12 in Maces & Flails
  5955 | D:7      | Identified the +7 plate armour of Spring {Fly rF- Int+4}
  6112 | D:7      | Reached XP level 10. HP: 54/56 MP: 10/10
  6227 | D:7      | Found a sand-covered staircase.
  6234 | Ossuary  | Entered an ossuary
  6409 | Ossuary  | Reached **** piety under the Shining One
  6675 | D:7      | Reached skill level 13 in Maces & Flails
  6942 | D:8      | Noticed a white ugly thing
  6942 | D:8      | Noticed a gargoyle
  6942 | D:8      | Noticed an eight-headed hydra
  6943 | D:8      | Noticed a five-headed hydra
  6987 | D:8      | Noticed a centaur warrior
  7533 | D:8      | Found Usidgho's Weapon Boutique.
  7698 | D:9      | Found a runed translucent door.
  7734 | D:9      | Reached ***** piety under the Shining One
  7838 | D:9      | Reached skill level 14 in Maces & Flails
  7892 | D:9      | Noticed loam's ghost (novice DsIE)
  7957 | D:9      | Noticed a two-headed ogre
  7974 | D:9      | Killed a two-headed ogre
  8172 | D:9      | Reached XP level 11. HP: 60/60 MP: 11/11
  8179 | D:9      | Found a staircase to the Orcish Mines.
  8210 | D:9      | Noticed Harold
  8228 | D:9      | Killed Harold
  8229 | D:9      | Reached skill level 4 in Fighting
  8229 | D:9      | Reached skill level 4 in Armour
  8435 | D:9      | Noticed a manticore
  8444 | D:9      | Killed a manticore
  8445 | D:9      | Reached skill level 5 in Fighting
  8445 | D:9      | Reached skill level 5 in Armour
  8854 | D:10     | Entered Level 10 of the Dungeon
  8916 | D:10     | Found Myli's Distillery.
  9009 | D:10     | Reached skill level 6 in Fighting
  9009 | D:10     | Reached skill level 6 in Armour
  9501 | D:10     | Found a staircase to the Lair.
  9664 | Lair:1   | Entered Level 1 of the Lair of Beasts
  9858 | Lair:1   | Reached skill level 7 in Fighting
  9858 | Lair:1   | Reached skill level 7 in Armour
 10220 | Lair:1   | Reached skill level 8 in Fighting
 10220 | Lair:1   | Reached skill level 8 in Armour
 10555 | Lair:2   | Found a hole to the Spider Nest.
 10563 | Lair:2   | Reached XP level 12. HP: 56/75 MP: 12/12
 10615 | Lair:2   | Reached skill level 9 in Fighting
 10650 | Lair:2   | Reached skill level 9 in Armour
 11003 | Lair:2   | Found a burning altar of Makhleb.
 11219 | Lair:2   | Identified the +7 rapier of Dung {vamp, Str+2 Stlth+}
 11653 | Lair:3   | Reached skill level 10 in Fighting
 11653 | Lair:3   | Reached skill level 10 in Armour
 11935 | Lair:3   | Reached skill level 11 in Fighting
 11935 | Lair:3   | Reached skill level 11 in Armour
 11982 | Lair:3   | Reached XP level 13. HP: 35/84 MP: 13/13
 12408 | Lair:3   | Found a staircase to the Shoals.
 12425 | Lair:3   | Reached skill level 12 in Fighting
 12425 | Lair:3   | Reached skill level 12 in Armour
 12803 | Lair:3   | Identified a potion of experience
 12805 | Lair:3   | Reached skill level 7 in Invocations
 12805 | Lair:3   | Gained mutation: Your large and strong wings let you fly.
                  | [Gargoyle growth]
 12805 | Lair:3   | Reached XP level 14. HP: 92/92 MP: 13/19
 12978 | Lair:4   | Reached ****** piety under the Shining One
 13262 | Lair:4   | Found an opulent altar of Gozag.
 13475 | Lair:4   | Reached skill level 13 in Fighting
 13475 | Lair:4   | Reached skill level 13 in Armour
 13662 | Lair:5   | Entered Level 5 of the Lair of Beasts
 13841 | Lair:4   | Reached skill level 8 in Shields
 14597 | Lair:5   | Reached skill level 9 in Shields
 14854 | Lair:5   | Reached skill level 14 in Fighting
 14868 | Lair:5   | Reached skill level 14 in Armour
 14877 | Lair:5   | Reached XP level 15. HP: 59/100 MP: 20/20
 15129 | Lair:5   | Found a large runed translucent door.
 15129 | Lair:5   | Found a large runed translucent door.
 15172 | Lair:5   | Found a runed translucent door.
 15174 | Lair:5   | Found a staircase to the Slime Pits.
 15335 | Lair:5   | Got Sif Muna's Handbook of Momentum
 15385 | Lair:5   | Noticed demibob's ghost (journeyman DsWn)
 17185 | D:12     | Reached skill level 10 in Shields
 17715 | D:12     | Identified the +1 dagger "Acarineslayer" {heavy, rC+ rN+}
 17876 | D:13     | Noticed Lodul
 17888 | D:12     | Killed Lodul
 18220 | D:13     | Found a gate to the Vaults.
 18256 | D:13     | HP: 9/101 [seven-headed hydra (5)]
 18281 | D:13     | Reached skill level 15 in Fighting
 18281 | D:13     | Reached skill level 15 in Armour
 18435 | D:13     | Reached skill level 11 in Shields
 19030 | D:13     | Found Laowaor's Distillery.
 19039 | D:13     | Reached skill level 1 in Dodging
 19201 | D:13     | Bought a potion of might for 44 gold pieces
 19201 | D:13     | Bought 2 potions of might for 88 gold pieces
 19201 | D:13     | Bought a potion of haste for 110 gold pieces
 19201 | D:13     | Bought a potion of haste for 110 gold pieces
 19201 | D:13     | Bought a potion of haste for 110 gold pieces
 19567 | Orc:1    | Entered Level 1 of the Orcish Mines
 19683 | Orc:1    | Noticed Maurice
 19695 | Orc:1    | Killed Maurice
 19771 | Orc:2    | Entered Level 2 of the Orcish Mines
 19961 | Orc:2    | Found a staircase to the Elven Halls.
 20295 | Orc:2    | Found Osouhitokk's Distillery.
 20457 | Orc:2    | Reached skill level 2 in Dodging
 20745 | Orc:2    | Found Uzaesu's Distillery.
 20752 | Orc:2    | Found Zennauba's General Store.
 20754 | Orc:2    | Found Satz's General Store.
 20936 | Orc:1    | Reached skill level 3 in Dodging
 21319 | Orc:2    | Bought a potion of heal wounds for 75 gold pieces
 21319 | Orc:2    | Bought a potion of heal wounds for 75 gold pieces
 21321 | Orc:2    | Bought a potion of might for 44 gold pieces
 21321 | Orc:2    | Bought a potion of might for 44 gold pieces
 21321 | Orc:2    | Bought a potion of haste for 110 gold pieces
 21331 | Orc:2    | Bought the +1 cloak of the Orcish Mines {rCorr} for 331
                  | gold pieces
 21331 | Orc:2    | Bought a scroll of blinking for 112 gold pieces
 21499 | Spider:1 | Entered Level 1 of the Spider Nest
 21500 | Spider:1 | Found a frozen archway.
 21654 | Spider:1 | Reached XP level 16. HP: 84/109 MP: 21/21
 21854 | Spider:1 | Reached skill level 4 in Dodging
 22288 | Spider:2 | Reached skill level 16 in Fighting
 22288 | Spider:2 | Reached skill level 16 in Armour
 22950 | Spider:2 | Reached skill level 5 in Dodging
 23781 | Spider:3 | Reached skill level 17 in Fighting
 23781 | Spider:3 | Reached skill level 17 in Armour
 24501 | Spider:4 | Entered Level 4 of the Spider Nest
 24552 | Spider:4 | Reached XP level 17. HP: 75/118 MP: 22/22
 24680 | Spider:4 | >>dead
 25089 | Spider:4 | Reached skill level 18 in Fighting
 25089 | Spider:4 | Reached skill level 18 in Armour
 25138 | Spider:4 | Identified the +1 robe of Wasted Space {Will+ Dex+2}
 26129 | Spider:4 | Got a gossamer rune of Zot
 26546 | Vaults:1 | Entered Level 1 of the Vaults
 26662 | Vaults:1 | Noticed Donald
 26748 | D:13     | Killed Donald
 26881 | Vaults:1 | Reached skill level 19 in Fighting
 26921 | Vaults:1 | Found Jilux's Distillery.
 26927 | Vaults:1 | Bought a potion of heal wounds for 90 gold pieces
 27325 | Vaults:1 | Reached skill level 12 in Shields
 27333 | Vaults:1 | Reached XP level 18. HP: 115/128 MP: 23/23
 27964 | Vaults:1 | Reached skill level 20 in Fighting
 27964 | Vaults:1 | Reached skill level 13 in Shields
 28807 | Vaults:2 | Reached skill level 14 in Shields
 29342 | Vaults:2 | Reached skill level 21 in Fighting
 29342 | Vaults:2 | Reached skill level 15 in Maces & Flails
 29453 | Vaults:2 | Reached XP level 19. HP: 127/137 MP: 24/24
 29921 | Vaults:3 | Reached skill level 15 in Shields
 30003 | Vaults:2 | HP: 12/137 [war gargoyle/+0 dire flail (29)]
 30005 | Vaults:2 | Slain by a yaktaur captain

Vanquished Creatures
  Donald (D:13)
  6 ghost moths
  6 vault wardens
  6 emperor scorpions
  6 ironbound preservers
  5 broodmothers
  6 very ugly things (Vaults:2)
  A stone giant (Vaults:2)
  2 ironbound thunderhulks
  3 spark wasps
  12 dire elephants
  6 entropy weavers
  A yaktaur captain (Vaults:1)
  4 great orbs of eyes
  Harold (D:9)
  6 hydras
  16 vault guards
  6 centaur warriors
  2 radroaches (Spider:4)
  2 peacekeepers (Vaults:2)
  2 jorogumos (Spider:4)
  4 boulder beetles
  4 ironbound frosthearts
  3 death yaks
  3 two-headed ogres
  3 orc high priests (Orc:2)
  A skyshark (Lair:4)
  A death drake (shapeshifter) (D:13)
  A sun moth (Spider:4)
  2 goliath frogs (Lair:5)
  6 pharaoh ants
  Lodul (D:12)
  14 orb spiders
  13 deep trolls
  7 lindwurms
  7 ironbound convokers
  21 wolf spiders
  2 steelbarb worms
  4 orc knights (Orc:2)
  5 wizards
  17 ugly things
  5 orc sorcerers (Orc:2)
  A cyclops (D:6)
  6 manticores
  4 merfolk sirens (Lair:3)
  A moth of wrath (Spider:1)
  12 elephants
  5 vault sentinels
  Maurice (Orc:1)
  3 black mambas
  A gargoyle (D:12)
  9 demonic crawlers
  2 torpor snails (Spider:2)
  13 cane toads
  2 unseen horrors
  2 rime drakes
  2 kobold demonologists
  9 komodo dragons
  13 yaktaurs
  A polar bear (Lair:4)
  10 trolls
  4 meliai
  A polar bear (shapeshifter) (D:13)
  2 tyrant leeches (Lair:5)
  21 tarantellas
  10 dream sheep
  16 blink frogs
  36 jumping spiders
  25 slime creatures
  A shadow (D:11)
  19 culicivoras
  A basilisk (shapeshifter) (D:12)
  2 unseen horror simulacra (D:9)
  2 wyverns
  2 wraiths (D:12)
  50 yaks
  3 basilisks
  Eustachio (D:4)
  53 redbacks
  11 vampire mosquitoes
  A warg (Orc:2)
  An acid dragon (D:10)
  16 water moccasins
  Duvessa (D:6)
  4 black bears
  20 orc warriors
  4 sky beasts
  5 ice beasts
  14 ogres
  27 wolves
  5 centaurs
  3 kobold brigands
  16 bullfrogs
  3 gnoll sergeants
  4 scorpions
  19 wights
  Dowan (D:6)
  4 killer bees (Lair:2)
  An electric eel (Lair:5)
  2 howler monkeys
  A crimson imp (D:7)
  2 human zombies (Ossuary)
  A centaur zombie (Ossuary)
  4 hounds
  7 jellies
  15 orc priests
  2 sleepcaps (D:6)
  6 iguanas
  29 orc wizards
  7 hell rats (Lair:5)
  3 mummies (Ossuary)
  A killer bee simulacrum (D:9)
  Robin (D:2)
  17 gnolls
  9 adders
  4 white imps
  2 howler monkey simulacra (D:9)
  2 ufetubi
  4 worms
  2 dart slugs
  53 orcs
  11 ball pythons
  6 bats
  8 endoplasms
  15 giant cockroaches
  13 goblins
  5 hobgoblins
  12 quokkas
  8 frilled lizards
  A gnoll zombie (Ossuary)
  2 goblin zombies (Ossuary)
  A hobgoblin zombie (Ossuary)
  15 kobolds
  A kobold zombie (Ossuary)
  9 rats
  A spectral kobold (D:3)
1012 creatures vanquished.

Vanquished Creatures (others)
  A tarantella (Spider:2)
  A jumping spider (Spider:2)
  An orc (Orc:2)
  16 fungi
  66 plants
85 creatures vanquished.

Grand Total: 1097 creatures vanquished

Table legend: (Time is in decaauts)
 A = Elapsed time spent in this place.
 B = Non-inter-level travel time spent in this place.
 C = Inter-level travel time spent in this place.
 D = Time resting spent in this place.
 E = Time spent auto-exploring this place.
 F = Levels seen in this place.
 G = Mean time per level.
                   A        B        C        D        E       F      G
               +--------+--------+--------+--------+--------+-----+--------+
         Total |  30056 |  28671 |   1385 |   3520 |  18807 |  29 | 1036.4 |
       Dungeon |  13510 |  12937 |    573 |   1097 |   9489 |  13 | 1039.2 |
          Lair |   6165 |   5865 |    300 |    885 |   3817 |   5 | 1233.0 |
   Spider Nest |   4716 |   4475 |    241 |    563 |   2696 |   4 | 1179.0 |
  Orcish Mines |   1840 |   1668 |    172 |    327 |    954 |   2 |  920.0 |
        Vaults |   3162 |   3065 |     97 |    648 |   1484 |   3 | 1054.0 |
         Sewer |    431 |    431 |      0 |      0 |    224 |   1 |  431.0 |
       Ossuary |    230 |    230 |      0 |      0 |    141 |   1 |  230.0 |
               +--------+--------+--------+--------+--------+-----+--------+

Top non-repeatable levels by time:
    D:13: 1682 daAuts
Vaults:1: 1591 daAuts
Vaults:2: 1495 daAuts
  Lair:5: 1432 daAuts
Spider:4: 1356 daAuts
  Lair:4: 1337 daAuts
     D:9: 1333 daAuts
     D:6: 1325 daAuts
Spider:2: 1267 daAuts
Spider:3: 1253 daAuts
  Lair:3: 1244 daAuts
    D:11: 1243 daAuts
     D:4: 1223 daAuts
    D:12: 1175 daAuts
   Orc:2: 1155 daAuts

Table legend:
 A = Non-vault XP
 B = Vault XP
 C = Vault XP percentage of total XP
 D = Non-vault monster count
 E = Vault monster count
 F = Vault count percentage of total count
                 A         B        C        D         E       F
            +---------+---------+-------+---------+---------+-------
      Total |  174513 |  127119 |  42.1 |     686 |     327 |  32.3
            +---------+---------+-------+---------+---------+-------
        D:1 |      33 |       0 |   0.0 |      21 |       0 |   0.0
        D:2 |      94 |      37 |  28.2 |      19 |      13 |  40.6
        D:3 |      36 |       2 |   5.3 |      18 |       2 |  10.0
        D:4 |     418 |     201 |  32.5 |      19 |       7 |  26.9
        D:5 |     438 |       0 |   0.0 |       8 |       0 |   0.0
        D:6 |     895 |    1029 |  53.5 |      19 |       8 |  29.6
        D:7 |    1636 |     588 |  26.4 |      35 |       7 |  16.7
        D:8 |     751 |       0 |   0.0 |      16 |       0 |   0.0
        D:9 |    3307 |    2497 |  43.0 |      29 |      26 |  47.3
       D:10 |    1611 |     560 |  25.8 |      11 |       5 |  31.2
       D:11 |    4559 |       0 |   0.0 |      19 |       0 |   0.0
       D:12 |    4215 |    2087 |  33.1 |      21 |       8 |  27.6
       D:13 |    7058 |    9900 |  58.4 |      16 |      16 |  50.0
     Lair:1 |    3041 |       0 |   0.0 |      12 |       0 |   0.0
     Lair:2 |    5264 |     568 |   9.7 |      29 |       5 |  14.7
     Lair:3 |    7849 |    4941 |  38.6 |      29 |      11 |  27.5
     Lair:4 |   12788 |     769 |   5.7 |      42 |       3 |   6.7
     Lair:5 |    5072 |    8529 |  62.7 |      26 |      31 |  54.4
   Spider:1 |   12482 |       0 |   0.0 |      34 |       0 |   0.0
   Spider:2 |   24740 |       0 |   0.0 |      65 |       0 |   0.0
   Spider:3 |   16612 |       0 |   0.0 |      43 |       0 |   0.0
   Spider:4 |   17529 |   23829 |  57.6 |      39 |      37 |  48.7
      Orc:1 |    1363 |     462 |  25.3 |      21 |       1 |   4.5
      Orc:2 |    2746 |    8142 |  74.8 |      36 |      25 |  41.0
   Vaults:1 |   15505 |   36056 |  69.9 |      23 |      47 |  67.1
   Vaults:2 |   19162 |   26485 |  58.0 |      29 |      37 |  56.1
   Vaults:3 |    5309 |       0 |   0.0 |       7 |       0 |   0.0
      Sewer |       0 |     249 | 100.0 |       0 |      27 | 100.0
    Ossuary |       0 |     188 | 100.0 |       0 |      11 | 100.0
            +---------+---------+-------+---------+---------+-------
